 Dungeon Crawl Stone Soup version 0.30.1-11-g7821555f0a (webtiles) character file.

Game seed: 12462737936744166787

35 groovy9 the Trooper (level 3, -4/33 HPs)
             Began as a Minotaur Fighter on Jan 11, 2024.
             Slain by Robin
             ... wielding a +2 trident of protection
              (5 damage)
             ... on level 2 of the Dungeon.
             The game lasted 00:01:43 (743 turns).

groovy9 the Trooper (Minotaur Fighter)               Turns: 743, Time: 00:01:44

Health: -4/33      AC:  9    Str: 22    XL:     3   Next: 16%
Magic:  2/2        EV:  9    Int:  5    God:
Gold:   109        SH:  4    Dex:  9    Spells: 2/2 levels left

rFire   . . .        a - +0 war axe
rCold   . . .        c - +0 buckler
rNeg    . . .        b - +0 scale mail
rPois   .            m - +2 hat
rElec   .            (no cloak)
rCorr   .            (no gloves)
SInv    .            (no boots)
Will    .....        (no amulet) Stlth
                     (no ring)
HPRegen 0.25/turn    (no ring)
MPRegen 0.08/turn

%: no passive effects
@: no status effects
A: horns 2, retaliatory headbutt
a: no special abilities


You were on level 2 of the Dungeon.
You visited 1 branch of the dungeon, and saw 2 of its levels.

You collected 109 gold pieces.

Inventory:

Hand Weapons
 a - a +0 war axe (weapon)
Armour
 b - a +0 scale mail (worn)
 c - a +0 buckler (worn)
 m - a +2 hat (worn)
Scrolls
 e - a scroll of enchant armour {unknown}
 g - 3 scrolls of magic mapping {unknown}
 h - a scroll of teleportation {unknown}
 i - a scroll of identify {unknown}
 j - a scroll of immolation {unknown}
 n - a scroll of poison {unknown}
 o - a scroll of vulnerability {unknown}
Potions
 d - a potion of might
 f - a potion of degeneration {unknown}
 k - a potion of berserk rage {unknown}
 l - a potion of heal wounds {unknown}


   Skills:
 + Level 4.1 Fighting
 * Level 3.6 Axes
 + Level 4.1 Armour
 - Level 3.6 Shields


You had 2 spell levels left.
You didn't know any spells.
Your spell library was empty.

Dungeon Overview and Level Annotations

Branches:
Dungeon (2/15)

Altars:

Annotations:
D:2 Robin


Innate Abilities, Weirdness & Mutations

You have a pair of horns on your head.
You reflexively headbutt those who attack you in melee.


Message History

Robin hits you with a +2 trident of protection.
You barely miss Robin. You block Robin's attack.
The goblin shoots a sling bullet.
The sling bullet hits you but does no damage.
Robin hits you with a +2 trident of protection.
* * * LOW HITPOINT WARNING * * *
You closely miss Robin.
The goblin shoots a sling bullet.
The sling bullet barely misses you.
Robin says, "Bow before me, strongest of all the hobgoblins!"
Robin hits you but does no damage.
The goblin shoots a sling bullet.
The sling bullet barely misses you.
You hit Robin but do no damage.
Robin hits you with a +2 trident of protection.
* * * LOW HITPOINT WARNING * * *
You hit Robin but do no damage. Your headbutt misses Robin.
You barely miss the goblin.
Robin hits you with a +2 trident of protection.
* * * LOW HITPOINT WARNING * * *
The goblin unwields a +0 sling.
The goblin wields a +0 club.
The goblin barely misses you. You furiously retaliate!
You headbutt the goblin.
You kill the goblin!
The goblin shoots a sling bullet.
The sling bullet hits you but does no damage.
Robin barely misses you.
You hit Robin.
Robin is moderately wounded.
The goblin shoots a sling bullet.
You block the sling bullet. Robin hits you but does no damage.
The goblin shoots a sling bullet.
You block the sling bullet.
You barely miss Robin.
Robin is moderately wounded.
Robin hits you with a +2 trident of protection.
* * * LOW HITPOINT WARNING * * *
The goblin shoots a sling bullet.
The sling bullet barely misses you.
You hit Robin.
Robin is heavily wounded.
You block Robin's attack.
The goblin shoots a sling bullet.
The sling bullet barely misses you.
Robin hits you with a +2 trident of protection.
You die...

...###...## ...#
###..### ...#
##...# #### ###.#
#### #.### ...#
..###...# ...#
.........###...#
.........g)#...#
#.......##)@g..#
#.......##.....#
##########.#.......
#.######.. #.# .
#.# #.. ##


You could see Robin and a goblin (strong).

Vanquished Creatures
  A gnoll (D:1)
  An endoplasm (D:1)
  6 goblins (D:2)
  4 hobgoblins (D:2)
  2 kobolds (D:1)
  2 ball pythons
  2 bats (D:1)
  A frilled lizard (D:1)
  3 rats (D:1)
22 creatures vanquished.

Notes
Turn   | Place    | Note
-------+----------+-------------------------------------------
     0 | D:1      | groovy9 the Minotaur Fighter began the quest for the Orb.
     0 | D:1      | Reached XP level 1. HP: 19/19 MP: 0/0
   158 | D:1      | Reached XP level 2. HP: 17/27 MP: 1/1
   730 | D:2      | Noticed Robin
   732 | D:2      | Reached XP level 3. HP: 32/33 MP: 2/2
   742 | D:2      | HP: 1/33 [Robin/+2 trident of protection (6)]
   743 | D:2      | Slain by Robin

Illustrated notes

Levels and vault maps discovered:
D:1:      minmay_arrival_shoal_huts, layout_basic, minmay_misc_feat_five
D:2:      layout_basic, corexii_corridor_pit, uniq_robin

Skill      XL: |  1  2 |
---------------+-------+-----
Axes           | 3 |  3.6
Fighting       | 4 |  4.1
Armour         | 4 |  4.1
Shields        | |  3.6

Action                     || total
---------------------------++-------
  Melee: War axe           ||    43
         Headbutt          ||     1
 Armour: Scale mail        ||    23
  Dodge: Dodged            ||    18
  Block: Buckler           ||    11
